 Dungeon Crawl Stone Soup version 0.23.2-1-ga50397a (webtiles) character file.

Game seed: 13562977773627102055

1971 eccles the Thaumaturge (level 9, -5/48 HPs)
             Began as a Deep Elf Conjurer on Apr 24, 2019.
             Was an Initiate of Vehumet.
             Slain by an orc warrior
             ... wielding a cursed -1 scimitar
              (12 damage)
             ... on level 7 of the Dungeon on Apr 26, 2019.
             The game lasted 00:41:46 (7441 turns).

eccles the Thaumaturge (Deep Elf Conjurer)          Turns: 7441, Time: 00:41:46

Health: -5/48      AC:  5    Str:  6    XL:     9   Next: 0%
Magic:  16/24      EV:  7    Int: 23    God:    Vehumet [......]
Gold:   115        SH:  0    Dex: 15    Spells: 9/27 levels left

rFire    . . .     SeeInvis .   J - +4 dagger (speed)
rCold    . . .     Gourm    .   (no shield)
rNeg     . . .     Faith    .   f - +0 leather armour
rPois    .         Spirit   .   D - +0 helmet
rElec    .         Reflect  .   (no cloak)
rCorr    .         Harm     .   C - +0 pair of gloves
MR       .....                  (no boots)
Stlth    ++........             (no amulet)
HPRegen  0.16/turn              (no ring)
MPRegen  0.19/turn              (no ring)

@: about to teleport, held
A: no striking features
a: Renounce Religion


You were on level 7 of the Dungeon.
You worshipped Vehumet.
Vehumet was noncommittal.
You were not hungry.

You visited 1 branch of the dungeon, and saw 7 of its levels.

You collected 269 gold pieces.
You spent 154 gold pieces at shops.

Inventory:

Hand Weapons
 e - a +1 short sword
 J - a +4 dagger of speed (weapon)
Missiles
 u - 12 tomahawks (quivered)
Armour
 f - a +0 leather armour (worn)
 C - a +0 pair of gloves (worn)
 D - a +0 helmet (worn)
Jewellery
 r - a +4 ring of strength {unknown}
 v - an uncursed ring of wizardry {unknown}
Wands
 b - a wand of digging (6)
 y - a wand of paralysis (8)
 z - a wand of polymorph (6)
 A - a wand of scattershot (3)
 F - a wand of iceblast (12)
Scrolls
 d - a scroll of magic mapping
 i - a scroll of blinking {unknown}
 j - 5 scrolls of fog
 n - 2 scrolls of teleportation
 p - a scroll of immolation {unknown}
 t - a scroll of noise {unknown}
 B - a scroll of random uselessness {unknown}
 E - 2 scrolls of amnesia {unknown}
 H - a scroll of enchant armour {unknown}
 I - a scroll of fear {unknown}
Potions
 a - a potion of flight {unknown}
 g - 3 potions of degeneration
 h - 2 potions of lignification
 k - a potion of magic {unknown}
 l - a potion of haste {unknown}
 m - 5 potions of curing
 o - 6 potions of resistance
 q - 2 potions of invisibility {unknown}
 s - a potion of heal wounds
 w - a potion of mutation {unknown}
 x - a potion of brilliance {unknown}
 G - a potion of agility {unknown}
Comestibles
 c - 16 rations
 K - a chunk of flesh


   Skills:
 + Level 1.9 Fighting
 + Level 2.3 Short Blades
 + Level 2.7 Armour
 + Level 4.0 Dodging
 + Level 3.6 Stealth
 * Level 9.8 Spellcasting
 * Level 8.6 Conjurations
 + Level 0.1 Evocations


You had 9 spell levels left.
You knew the following spells:

 Your Spells              Type           Power        Failure   Level  Hunger
a - Magic Dart            Conj           ####         1%          1    None
b - Searing Ray           Conj           ######       1%          2    None
c - Iskenderun's Mystic   Conj           ######..     2%          4    ##.....
d - Dazzling Spray        Conj/Hex       ####..       4%          3    None
e - Force Lance           Conj/Tloc      ####....     14%         4    ##.....
f - Fulminant Prism       Conj/Hex       ####......   14%         4    ##.....

Your spell library contained the following spells:

 Spells                   Type           Power        Failure   Level  Hunger
 Animate Skeleton         Necr           N/A          9%          1    None
 Apportation              Tloc           ##....       9%          1    None
 Confusing Touch          Hex            ##....       9%          1    None
 Summon Small Mammal      Summ           ##..         9%          1    None


Dungeon Overview and Level Annotations

Branches:
Dungeon (7/15)             Temple (0/1) D:6

Altars:
Ashenzari
Fedhas
Hepliaklqana
Makhleb
Trog
Vehumet
Xom
Zin

Shops:
D:5 !

Annotations:
D:7 Harold


Message History

Press: ? - help, Shift-Dir - straight line, f/p - orc warrior
Aim: an orc warrior, wielding a -1 scimitar and wearing a +0 chain mail (lightly wounded)
The searing ray hits the orc warrior.
The orc warrior is moderately wounded. (Press . to maintain the ray.) Harold shouts!
Harold throws a throwing net.
The throwing net hits you.
You become entangled in the net!
The orc warrior hits you with a cursed -1 scimitar!!
The orc warrior hits you with a cursed -1 scimitar!
* * * LOW HITPOINT WARNING * * *
You tear a large gash into the net.
The orc warrior hits you with a cursed -1 scimitar.
* * * LOW HITPOINT WARNING * * *
The orc priest looks encouraged for a moment.
As you read the scroll of teleportation, it crumbles to dust.
You feel strangely unstable. The orc priest hits you.
* * * LOW HITPOINT WARNING * * *
The orc warrior hits you with a cursed -1 scimitar!
You die...

#...###.#.##......#
##.........#####.#.#
#......###.......#.###
#.......##########....
#...##.........#......
#..............#.#####
#..##..........#.#####
#..............#.##...
#....@o#.......#.##.##
#####o##.......#....>.
#@##..............
.........##########.####
.####.....# #.# .......#
#.# #.#.....# #.#
oo......## #.#
###.####.. ..#


You could see Harold, an orc warrior and an orc priest.

Vanquished Creatures
  Prince Ribbit (D:7)
  Grinder (D:5)
  A hippogriff (D:7)
  A spriggan (D:7)
  An ice beast (D:5)
  2 sky beasts
  An ogre (D:5)
  A centaur (D:7)
  A scorpion (D:4)
  A centaur zombie (D:7)
  2 crimson imps
  A bullfrog zombie (D:5)
  A bullfrog skeleton (D:6)
  4 hounds
  2 jellies (D:6)
  An orc priest (D:4)
  3 orc wizards
  3 worker ants
  9 adders
  5 shadow imps
  3 oozes
  3 worms
  3 dart slugs
  8 leopard geckos
  6 orcs
  A ball python (D:4)
  6 giant cockroaches
  7 goblins
  8 hobgoblins
  3 jackals (D:5)
  7 kobolds
  3 quokkas
  10 bats
  3 frilled lizards
  A jackal skeleton (D:6)
  5 rats
119 creatures vanquished.

Notes
Turn   | Place    | Note
-------+----------+-------------------------------------------
     0 | D:1      | eccles the Deep Elf Conjurer began the quest for the Orb.
     0 | D:1      | Reached XP level 1. HP: 10/10 MP: 6/6
   180 | D:1      | Reached XP level 2. HP: 15/15 MP: 1/8
   356 | D:1      | Reached skill level 5 in Conjurations
   360 | D:1      | Learned a level 2 spell: Searing Ray
   714 | D:1      | Reached XP level 3. HP: 19/19 MP: 7/9
  1513 | D:2      | Reached XP level 4. HP: 24/24 MP: 3/11
  2308 | D:3      | Reached skill level 4 in Spellcasting
  2940 | D:4      | Reached XP level 5. HP: 21/28 MP: 4/14
  3180 | D:4      | Learned a level 4 spell: Iskenderun's Mystic Blast
  3184 | D:4      | Learned a level 3 spell: Dazzling Spray
  3340 | D:4      | Reached skill level 5 in Spellcasting
  3439 | D:4      | Reached XP level 6. HP: 23/33 MP: 4/16
  3795 | D:5      | Entered Level 5 of the Dungeon
  3856 | D:5      | Reached skill level 1 in Armour
  3856 | D:5      | Reached skill level 6 in Spellcasting
  4007 | D:5      | Noticed a sky beast
  4026 | D:5      | Killed a sky beast
  4037 | D:5      | Reached skill level 7 in Spellcasting
  4037 | D:5      | Reached XP level 7. HP: 3/37 MP: 6/19
  4385 | D:5      | Found Weahomua's Distillery.
  4399 | D:5      | Bought a potion of curing for 42 gold pieces
  4399 | D:5      | Bought a potion of heal wounds for 70 gold pieces
  4399 | D:5      | Bought a potion of curing for 42 gold pieces
  4557 | D:5      | Noticed Grinder
  4567 | D:5      | Killed Grinder
  4567 | D:5      | Reached skill level 8 in Spellcasting
  5048 | D:6      | Reached XP level 8. HP: 24/42 MP: 17/22
  5183 | D:6      | Found a blossoming altar of Fedhas.
  5427 | D:6      | Found a shattered altar of Ashenzari.
  5428 | D:6      | Found a burning altar of Makhleb.
  5428 | D:6      | Found a glowing silver altar of Zin.
  5428 | D:6      | Found a hazy altar of Hepliaklqana.
  5441 | D:6      | Found a shimmering altar of Xom.
  5441 | D:6      | Found a radiant altar of Vehumet.
  5452 | D:6      | Became a worshipper of Vehumet
  5592 | D:6      | Found a bloodstained altar of Trog.
  5690 | D:6      | Reached skill level 1 in Short Blades
  5732 | D:6      | Reached skill level 9 in Spellcasting
  5898 | D:6      | Found a staircase to the Ecumenical Temple.
  6214 | D:7      | Learned a level 4 spell: Force Lance
  6219 | D:7      | Learned a level 4 spell: Fulminant Prism
  6233 | D:7      | Reached skill level 1 in Fighting
  6552 | D:7      | Noticed Prince Ribbit
  6562 | D:7      | Killed Prince Ribbit
  6736 | D:7      | Noticed a hippogriff
  6749 | D:7      | Killed a hippogriff
  7296 | D:7      | Reached XP level 9. HP: 30/48 MP: 19/24
  7436 | D:7      | Noticed Harold
  7441 | D:7      | Slain by an orc warrior

Skill      XL: |  1  2  3  4  5  6  7  8 |
---------------+-------------------------+-----
Conjurations   | 5 6 7 8 |  8.6
Spellcasting   | 4 5 7 8 9 |  9.8
Stealth        | 3 |  3.6
Armour         | 1 2 |  2.7
Dodging        | 4 |  4.0
Short Blades   | 2 |  2.3
Fighting       | 1 |  1.9
Evocations     | |  0.1

Action                   |  1- 3 |  4- 6 |  7- 9 || total
-------------------------+-------+-------+-------++-------
Melee: Unarmed           |     1 |       |       ||     1
       Short sword       |     4 |    12 |    18 ||    34
       Dagger            |       |       |    40 ||    40
 Cast: Magic Dart        |    88 |   124 |   107 ||   319
       Searing Ray       |       |     4 |    17 ||    21
       Force Lance       |       |       |     1 ||     1
Evoke: Wand              |       |     1 |     1 ||     2
  Use: Scroll            |       |     7 |     3 ||    10
       Potion            |       |     3 |       ||     3
  Eat: Chunk             |     1 |     8 |     4 ||    13
       Ration            |       |       |     2 ||     2
Armor: Robe              |     3 |       |       ||     3
       Leather armour    |     2 |     8 |    26 ||    36
       Skin              |       |     3 |       ||     3
Dodge: Dodged            |    23 |    30 |    58 ||   111
